 Dungeon Crawl Stone Soup version 0.20.1-1-g8b1a95d (webtiles) character file.

22 gobwax the Firebug (level 2, -1/17 HPs)
             Began as an Octopode Fire Elementalist on Sept 3, 2017.
             Slain by a gnoll
             ... wielding a +1 spear of flaming
              (4 damage)
             ... on level 2 of the Dungeon.
             The game lasted 00:01:55 (1010 turns).

gobwax the Firebug (Octopode Fire Elementalist)     Turns: 1010, Time: 00:01:57

Health: -1/17      AC:  1    Str:  7    XL:     2   Next: 91%
Magic:  2/5        EV: 13    Int: 17    God:
Gold:   23         SH:  0    Dex: 12    Spells: 4/5 levels left

rFire    . . .     SeeInvis .   (no weapon)
rCold    . . .     Gourm    .   (no shield)
rNeg     . . .     Faith    .   (helmet restricted)
rPois    .         Spirit   .   (no amulet)
rElec    .         Reflect  .   (no ring)
rCorr    .         Harm     .   (no ring)
MR       .....                  (no ring)
Stlth    +++.......             (no ring)
Regen    0.1/turn               (no ring)
MPRegen  0.1/turn               (no ring)
                                (no ring)
                                (no ring)

@: no status effects
A: almost no armour, stealthy swim, amphibious, 8 rings, constrict 8, camouflage
1, gelatinous body 1
a: no special abilities


You were on level 2 of the Dungeon.
You were hungry.

You visited 1 branch of the dungeon, and saw 2 of its levels.

You collected 23 gold pieces.

Inventory:

Scrolls
 c - a scroll of teleportation {unknown}
 d - 2 scrolls of identify {unknown}
 g - a scroll of amnesia {unknown}
Potions
 e - a potion of agility {unknown}
 h - a potion of curing {unknown}
Books
 a - a book of Flames

   Spells                             Type                      Level
   a - Flame Tongue                   Conjuration/Fire             1
   b - Throw Flame                    Conjuration/Fire             2
   c - Conjure Flame                  Conjuration/Fire             3
   d - Inner Flame                    Hexes/Fire                   3
   e - Sticky Flame                   Conjuration/Fire             4
   f - Fireball                       Conjuration/Fire             5
Comestibles
 b - 2 bread rations
 f - 2 meat rations


   Skills:
 - Level 2.0 Dodging
 - Level 2.6 Stealth
 + Level 2.3 Spellcasting
 + Level 1.6 Conjurations
 + Level 3.4 Fire Magic


You had 4 spell levels left.
You knew the following spells:

 Your Spells              Type           Power        Failure   Level  Hunger
a - Flame Tongue          Conj/Fire      ##...        7%          1    #......


Dungeon Overview and Level Annotations

Branches:
Dungeon (2/15)

Altars:


Innate Abilities, Weirdness & Mutations

You cannot wear most types of armour.
You are very stealthy in the water. (Stealth+)
You are amphibious.
You can wear up to eight rings at the same time.
You can use your tentacles to constrict eight enemies at once.
Your skin changes colour to match your surroundings (Stealth+).
Your rubbery body absorbs attacks. (AC +1, EV +1)


Message History

2 gnolls come into view.
A gnoll is wielding a spear of flaming.
A gnoll is wielding a spear of flaming.
The gnoll shouts!
A gnoll comes into view. It is wielding a halberd.
The gnoll shouts!
The quokka barely misses you.
You barely miss the quokka. Your grab misses the quokka. The quokka misses you.
The gnoll barely misses you.
Casting: Flame Tongue
Confirm with . or Enter, or press ? or * to list all spells.
Aiming: Flame Tongue
Press: ? - help, Shift-Dir - straight line, f - quokka
Aim: a quokka The flame tongue hits the quokka.
The quokka appears unharmed.
The quokka bites you.
The gnoll hits you from afar with a spear of flaming!
Ouch! That really hurt!
* * * LOW HITPOINT WARNING * * *
The gnoll burns you.
You die...

....... #.#.#.......##
......... .......<.....
........#####.#.####.###
.....................###
.........###..#..##.....
......................##
............†...........
.........##[.....†......
.......@.##..##..##...##
......r..##..##..##...#
#.#....g.##......##...#
#...gg.##.###..##...#
#.......... .... ..<.
.................. ...
#........## ..........


You could see 3 gnolls and a quokka.

Vanquished Creatures
  A worm (D:2)
  2 dart slugs
  5 hobgoblins (D:1)
  2 bats (D:1)
  3 kobolds (D:1)
  2 rats (D:1)
15 creatures vanquished.

Notes
Turn   | Place    | Note
-------+----------+-------------------------------------------
     0 | D:1      | gobwax the Octopode Fire Elementalist began the quest for the Orb.
     0 | D:1      | Reached XP level 1. HP: 11/11 MP: 3/3
   260 | D:1      | Reached XP level 2. HP: 17/17 MP: 0/5
  1010 | D:2      | Slain by a gnoll

Action                   || total
-------------------------++-------
Melee: Unarmed           ||     4
       Constrict         ||     2
       Tentacles         ||     1
 Cast: Flame Tongue      ||    27
Armor: Skin              ||     1
Dodge: Dodged            ||    14
